Map: Arctic Dream LE

Players

Martyr - Winner!

  • Race: Terran Terran
  • League: Master
  • Spawn Location: 12:00

norman - Winner!

  • Race: Protoss Protoss
  • Spawn Location: 11:00

qqq

  • Race: Zerg Zerg
  • League: Platinum
  • Spawn Location: 5:00

Massa

  • Race: Terran Terran
  • League: Platinum
  • Spawn Location: 6:00

VOD

Have the link to the VOD?

Description

Time

  • Played on: Nov. 22, 2020, 7:08 a.m.
  • Length: 13:02
Show
View Real Time Build Order
Export as new Build Order

Martyr Terran - Winner!

Build Orders: Reaper Expand 

Get SALT Encoding   

  12  0:00  SCV  
  13  0:12  SCV  
  14  0:18  Supply Depot  
  14  0:24  SCV  
  15  0:40  SCV  
  15  0:41  Barracks  
  16  0:46  Refinery  
  16  0:52  SCV  
  17  1:18  SCV  
  18  1:26  Barracks  
  18  1:39  SCV  
  19  1:42  Command Center  
  19  1:48  Reaper  
  20  1:54  Supply Depot  
  20  2:06  Orbital Command  
  20  2:17  Refinery  
  20  2:19  Reaper  
  21  2:26  Reaper  
  22  2:31  SCV  
  23  2:43  SCV  
  24  3:02  Reaper x2  
  26  3:08  SCV  
  26  3:09  Orbital Command  
  26  3:11  Factory  
  26  3:23  SCV, Supply Depot  
  27  3:34  Reaper, SCV  
  27  3:35  SCV  
  30  3:47  SCV x2  
  31  3:59  SCV x2  
  33  4:11  SCV x2  
  33  4:12  Factory Reactor  
  33  4:13  Starport  
  33  4:14  Barracks Tech Lab  
  33  4:16  Barracks Reactor  
  33  4:23  SCV x2  
  35  4:33  Marine  
  35  4:35  SCV x2, Stimpack  
  38  4:40  Command Center  
  38  4:43  Engineering Bay  
  38  4:56  SCV x2  
  38  4:57  Marine x3  
  38  4:59  Medivac  
  45  5:08  Supply Depot  
  45  5:12  Barracks  
  45  5:14  SCV  
  45  5:15  SCV  
  45  5:17  Refinery  
  45  5:19  Refinery  
  45  5:20  Supply Depot  
  43  5:39  Marine x3  
  43  5:40  Medivac  
  47  5:43  SCV x2  
  49  5:52  Terran Infantry Weapons Level 1  
  49  5:55  SCV x2, Engineering Bay  
  49  5:56  Armory, Marine  
  52  6:01  Marine x3  
  52  6:02  Marauder  
  57  6:04  Orbital Command  
  57  6:06  Factory Reactor  
  57  6:07  SCV  
  58  6:16  SCV  
  59  6:20  SCV  
  59  6:21  Marine  
  59  6:22  Marine x3  
  59  6:23  Starport Reactor, Marine  
  59  6:25  Orbital Command  
  65  6:33  SCV x2  
  65  6:37  Barracks  
  65  6:39  Marine x2, Supply Depot  
  68  6:40  Barracks  
  68  6:41  Marine x3  
  68  6:45  SCV x2  
  74  6:54  Widow Mine x2  
  74  6:57  SCV x2, Marine x2, Combat Shield  
  74  6:59  Marine  
  74  7:00  Marauder  
  85  7:07  Marine  
  86  7:09  SCV, Medivac  
  86  7:15  Marine x2  
  90  7:16  SCV x2  
  93  7:25  Supply Depot  
  93  7:27  Barracks Tech Lab  
  93  7:43  Sensor Tower, Marine  
  93  7:44  Marine  
  93  7:45  Marine  
  93  7:47  SCV x3, Marauder, Supply Depot  
  93  7:49  Supply Depot  
  93  7:51  Supply Depot  
  92  7:59  SCV x3  
  93  8:09  Marauder  
  93  8:12  SCV x3  
  98  8:16  Concussive Shells  
  98  8:17  Marauder, Marine x4  
  105  8:24  SCV  
  105  8:26  SCV x2  
  108  8:29  Marine  
  108  8:34  Barracks Reactor, Marine  
  108  8:35  Marine x3  
  108  8:36  Terran Infantry Armor Level 1, Terran Infantry Weapons Level 2, SCV  
  108  8:38  SCV x2, Missile Turret  
  108  8:39  Marauder  
  117  8:44  Sensor Tower  
  117  8:47  Marine  
  118  8:52  Marine x2  
  118  8:53  Widow Mine x2  
  124  9:04  Marine  
  125  9:10  Marine x2, Medivac x2  
  125  9:11  Marauder, Supply Depot  
  133  9:32  Marine x5  
  133  9:33  Marauder  
  140  9:44  Medivac  
  135  9:47  Marine  
  135  9:48  Marine  
  135  9:49  Medivac  
  135  9:50  Marine x3  
  135  9:52  Widow Mine x2  
  134  9:54  Marauder  
  134  9:55  Marine x2  
  138  10:05  Marine  
  138  10:06  Marauder  
  137  10:08  Marine x3  
  137  10:13  Marine  
  141  10:32  Terran Infantry Armor Level 2  
  141  10:35  Widow Mine x2, Marauder, Medivac  
  149  10:43  Command Center  
  149  10:45  Marine  
  149  11:26  Ghost Academy  
  149  11:27  Refinery, Barracks  
  149  11:28  Refinery  
  149  11:29  Barracks  
  149  11:50  Marine x3, Supply Depot  
  149  11:51  SCV, Medivac x2, Supply Depot  
  149  11:53  Command Center  
  149  11:54  Marine x3, Supply Depot x3  
  157  11:55  Widow Mine x2, Marauder x2  
  166  12:08  Marine x3  
  166  12:12  Marine  
  170  12:16  Marauder x2  
  156  12:34  Marine x3  
  156  12:35  Marine x5  
  162  12:38  Marauder x2  
Show
View Real Time Build Order
Export as new Build Order

norman Protoss - Winner!

Build Orders: Phoenix Opening, Carriers 

Get SALT Encoding   

  12  0:00  Probe  
  13  0:13  Probe  
  14  0:28  Pylon  
  14  0:30  Probe  
  15  0:57  Gateway  
  15  1:08  Probe  
  16  1:16  Pylon  
  16  1:23  Probe  
  17  1:29  Assimilator  
  17  1:44  Probe  
  18  1:53  Cybernetics Core  
  18  2:14  Assimilator  
  18  2:18  Probe  
  19  2:35  Pylon  
  19  2:53  Probe (Chrono Boost)  
  20  3:03  Probe (Chrono Boost)  
  21  3:06  Stargate  
  21  3:08  Zealot  
  23  3:26  Probe  
  24  3:39  Nexus  
  24  3:46  Probe  
  25  3:49  Phoenix (Chrono Boost)  
  27  3:57  Adept (Chrono Boost)  
  27  3:58  Probe  
  30  4:07  Phoenix  
  30  4:08  Shield Battery  
  32  4:15  Stargate  
  32  4:20  Probe  
  33  4:32  Probe  
  33  4:33  Phoenix  
  36  4:49  Assimilator  
  36  4:51  Probe  
  37  4:56  Assimilator  
  37  4:59  Probe  
  38  5:03  Probe, Phoenix x2  
  43  5:10  Pylon  
  43  5:11  Probe  
  44  5:23  Probe  
  44  5:24  Probe  
  46  5:34  Phoenix x2  
  50  5:36  Probe (Chrono Boost)  
  52  5:42  Probe (Chrono Boost)  
  52  5:46  Probe (Chrono Boost)  
  54  5:50  Probe (Chrono Boost)  
  54  5:53  Probe (Chrono Boost)  
  54  5:55  Probe (Chrono Boost)  
  56  6:05  Pylon  
  56  6:09  Protoss Air Weapons Level 1  
  56  6:17  Fleet Beacon  
  56  6:22  Phoenix  
  56  6:23  Phoenix  
  56  6:25  Probe (Chrono Boost)  
  61  6:35  Probe (Chrono Boost)  
  62  6:40  Probe (Chrono Boost)  
  63  6:53  Nexus  
  63  7:42  Phoenix x2  
  67  7:44  Probe  
  68  7:56  Probe  
  69  8:26  Carrier  
  69  8:27  Carrier  
  81  8:36  Probe  
  81  8:41  Protoss Air Weapons Level 2 (Chrono Boost)  
  82  8:46  Cybernetics Core  
  82  8:48  Probe  
  82  8:51  Stargate  
  79  10:41  Carrier (Chrono Boost)  
  85  10:44  Pylon  
  85  10:45  Pylon  
  85  10:46  Pylon  
  85  10:49  Pylon x2  
  85  10:56  Protoss Air Armor Level 1 (Chrono Boost)  
  85  11:00  Carrier (Chrono Boost)  
  85  11:01  Carrier (Chrono Boost)  
  95  11:40  Carrier (Chrono Boost)  
  101  11:56  Stargate  
  101  11:57  Carrier  
  101  11:58  Carrier  
Show
View Real Time Build Order
Export as new Build Order

qqq Zerg 

Build Orders: Hatch First, Lurkers 

Get SALT Encoding   

  12  0:00  Drone  
  13  0:08  Drone  
  14  0:28  Overlord  
  14  0:45  Hatchery  
  13  0:52  Drone  
  13  0:55  Drone  
  15  1:00  Drone  
  16  1:20  Drone x2  
  18  1:35  Extractor, Drone  
  18  1:36  Spawning Pool  
  17  1:49  Drone x2  
  19  2:00  Drone  
  19  2:01  Drone  
  20  2:09  Overlord  
  20  2:11  Drone  
  21  2:21  Overlord  
  21  2:22  Queen  
  21  2:25  Queen  
  25  2:33  Zergling x2  
  25  2:35  Drone x2  
  28  2:45  Zergling x2  
  28  2:48  Drone  
  29  2:59  Drone  
  30  3:08  Drone x2  
  30  3:10  Zergling x2  
  33  3:15  Metabolic Boost  
  33  3:17  Lair  
  33  3:18  Drone  
  34  3:22  Extractor, Drone  
  34  3:24  Zergling x2  
  36  3:34  Drone x2  
  36  3:35  Drone  
  36  3:36  Hatchery  
  37  3:49  Drone x3  
  40  4:01  Drone  
  40  4:02  Drone x3  
  44  4:20  Hydralisk Den  
  44  4:21  Drone  
  44  4:22  Drone, Evolution Chamber  
  44  4:23  Overlord  
  44  4:24  Overlord  
  44  4:30  Spore Crawler  
  43  4:32  Spore Crawler  
  43  4:34  Drone  
  43  4:35  Drone  
  43  4:36  Spore Crawler  
  43  4:45  Drone x4  
  47  4:46  Drone x2  
  47  4:47  Drone  
  47  4:50  Zerg Missile Weapons Level 1  
  50  4:54  Evolution Chamber  
  49  5:00  Queen  
  49  5:05  Hydralisk  
  53  5:10  Drone  
  53  5:11  Drone x4  
  53  5:12  Hydralisk  
  53  5:14  Lurker Den  
  59  5:16  Muscular Augments  
  59  5:23  Extractor  
  59  5:24  Drone x3  
  59  5:25  Extractor  
  59  5:26  Overlord  
  59  5:28  Hydralisk  
  62  5:39  Drone x2  
  65  5:50  Drone  
  65  5:51  Hydralisk  
  65  5:53  Infestation Pit  
  66  6:08  Drone x2  
  68  6:14  Hatchery  
  68  6:16  Overlord  
  68  6:17  Hatchery, Hydralisk x2  
  70  6:21  Drone  
  70  6:24  Hatchery  
  70  6:30  Drone  
  71  6:36  Drone  
  71  6:37  Hydralisk  
  71  6:38  Hydralisk x2  
  78  6:41  Lurker  
  78  6:44  Queen  
  78  6:45  Extractor  
  78  6:47  Extractor  
  79  6:52  Hive  
  79  6:55  Overlord x4  
  79  7:07  Spore Crawler  
  78  7:08  Spore Crawler  
  78  7:11  Spore Crawler  
  78  7:15  Spore Crawler  
  75  7:18  Spore Crawler, Lurker x2  
  75  7:19  Drone  
  75  7:20  Drone x2, Hydralisk x2  
  83  7:35  Lurker  
  84  7:45  Drone x5  
  84  7:51  Overlord x4  
  89  7:55  Drone x3  
  92  8:01  Zerg Missile Weapons Level 2  
  92  8:04  Seismic Spines  
  92  8:08  Drone  
  92  8:09  Drone x2  
  92  8:12  Grooved Spines  
  95  8:22  Spore Crawler  
  95  8:24  Spore Crawler  
  95  8:25  Drone x4  
  95  8:26  Drone, Spine Crawler  
  97  8:31  Lurker x3  
  100  8:35  Spore Crawler  
  100  8:38  Spore Crawler  
  98  8:41  Spine Crawler  
  98  8:44  Drone x2  
  98  8:46  Spore Crawler  
  98  8:54  Hydralisk x2  
  98  8:55  Hydralisk x2  
  106  8:57  Drone x2  
  106  9:01  Adaptive Talons  
  108  9:03  Hydralisk x2  
  112  9:19  Hydralisk x5  
  112  9:20  Hydralisk  
  113  9:33  Hydralisk x2  
  95  9:38  Spine Crawler  
  95  9:39  Spine Crawler  
  95  9:40  Spine Crawler  
  95  9:45  Zerg Ground Armor Level 1  
  88  9:49  Lurker x4  
  88  9:50  Lurker  
  85  10:10  Lurker x3  
  85  10:12  Drone x5  
  85  10:13  Drone x3, Hydralisk x2  
  95  10:28  Hydralisk x5  
  78  10:30  Hydralisk  
  78  10:32  Drone x2  
  89  10:37  Hydralisk  
  83  10:44  Hydralisk, Baneling Nest  
  83  10:53  Hatchery, Hydralisk x2  
  87  11:04  Hydralisk x2  
  87  11:05  Hydralisk x3  
  97  11:16  Hydralisk x2  
  101  11:21  Drone, Hydralisk  
  104  11:32  Lurker x2  
  106  11:33  Drone, Hydralisk x3  
  113  11:46  Zergling x2  
  114  11:47  Ultralisk Cavern  
  113  12:00  Hatchery  
  112  12:03  Overseer x2  
  110  12:14  Drone  
  110  12:15  Drone x3  
  114  12:19  Overlord  
  114  12:20  Overlord x6  
Show
View Real Time Build Order
Export as new Build Order

Massa Terran 

Build Orders:  

Get SALT Encoding   

  12  0:00  SCV  
  13  0:12  SCV  
  14  0:17  Supply Depot  
  14  0:24  SCV  
  15  0:39  SCV  
  15  0:40  Barracks  
  16  0:51  SCV, Supply Depot  
  17  1:01  Refinery  
  17  1:03  SCV  
  18  1:15  SCV  
  19  1:27  SCV  
  19  1:32  Marine  
  21  1:44  Command Center  
  21  1:48  Orbital Command  
  21  1:51  Reaper  
  22  2:14  SCV  
  23  2:19  Refinery  
  23  2:24  Factory  
  23  2:26  SCV  
  24  2:40  Barracks Tech Lab  
  24  2:43  SCV  
  25  2:55  SCV  
  26  3:14  Factory Tech Lab  
  26  3:15  Marauder  
  26  3:17  Stimpack  
  26  3:19  SCV  
  29  3:20  Orbital Command  
  29  3:25  Command Center  
  29  3:31  SCV  
  29  3:33  Starport  
  30  3:35  Refinery  
  30  3:36  Widow Mine  
  32  3:43  SCV  
  32  4:13  Marauder  
  32  4:14  Siege Tank  
  37  4:18  SCV x2  
  39  4:30  SCV x2  
  41  4:36  Barracks  
  41  4:37  Starport Reactor  
  41  4:39  Barracks  
  41  4:42  SCV x2  
  41  4:43  Marauder  
  45  4:46  Siege Tank  
  45  4:51  Engineering Bay  
  48  5:01  SCV  
  48  5:02  SCV  
  48  5:06  Marauder  
  52  5:14  SCV x2  
  54  5:19  Siege Tank  
  57  5:26  SCV  
  58  5:35  Orbital Command  
  53  5:36  SCV  
  53  5:38  SCV  
  53  5:41  Barracks Reactor, Barracks Tech Lab  
  55  5:43  Liberator, Medivac  
  55  5:48  SCV  
  61  5:58  Supply Depot x2  
  61  5:59  Missile Turret  
  61  6:00  Supply Depot  
  61  6:02  Supply Depot  
  61  6:05  Missile Turret  
  61  6:08  Armory  
  61  6:09  Terran Infantry Weapons Level 1  
  61  6:13  Command Center  
  61  6:20  SCV x2, Marauder, Marine  
  61  6:21  Supply Depot x2  
  61  6:23  Marauder, Marine  
  69  6:26  SCV, Missile Turret  
  69  6:32  SCV x2  
  72  6:37  Marine  
  73  6:41  Marine  
  73  6:42  Marauder, Concussive Shells  
  73  6:44  Marauder  
  78  6:52  Missile Turret  
  78  6:55  Marine  
  78  6:59  Marine  
  80  7:03  Marauder  
  80  7:06  Marauder  
  84  7:13  Missile Turret  
  83  7:16  Marine x2, Missile Turret  
  82  7:24  Marine, Siege Tank  
  82  7:26  Marine  
  86  7:32  Missile Turret  
  86  7:34  Marine  
  87  7:42  Marauder  
  91  7:51  Marauder, Marine  
  91  7:52  Marine  
  91  7:55  Medivac x2  
  91  7:56  Siege Tank  
  100  8:04  Marauder  
  99  8:09  Marine  
  100  8:13  Marauder  
  92  8:20  Marine  
  92  8:25  Marauder  
  92  8:26  SCV x3  
  99  8:27  Marine  
  99  8:28  SCV, Siege Tank  
  105  8:34  Marauder  
  105  8:35  Missile Turret  
  105  8:38  SCV x3, Sensor Tower  
  105  8:40  SCV  
  109  8:45  Sensor Tower  
  109  8:46  Marauder  
  111  8:50  SCV  
  111  8:51  Refinery  
  111  8:53  Refinery  
  114  8:55  Marauder  
  114  8:59  Liberator x2  
  120  9:21  SCV x3, Missile Turret  
  124  9:25  Missile Turret  
  123  9:33  SCV  
  123  9:37  Barracks  
  124  9:39  Barracks x2  
  124  9:42  Barracks  
  124  9:44  SCV x2  
  124  9:45  Missile Turret  
  124  9:47  SCV, Factory, Missile Turret  
  90  9:56  SCV x2  
  83  10:01  Viking x2  
  83  10:02  Marauder, Marine  
  83  10:03  Marauder, Marine  
  83  10:05  Missile Turret  
  83  10:06  Thor  
  92  10:07  Missile Turret  
  88  10:18  SCV x3  
  88  10:20  Marine x2  
  94  10:23  Marine  
  94  10:24  Marauder  
  94  10:25  Orbital Command  
  96  10:30  SCV x3  
  96  10:31  Viking  
  101  10:37  Combat Shield  
  101  10:38  Marine x2  
  101  10:42  SCV x2  
  105  10:43  Marauder  
  105  10:44  Barracks Reactor, Barracks Tech Lab x2  
  105  10:45  Marauder  
  105  10:48  Marine  
  105  10:49  Thor  
  116  10:56  Marine x2  
  114  11:04  Marauder  
  114  11:06  Marine  
  114  11:07  Marauder  
  119  11:11  Refinery  
  119  11:13  Refinery  
  119  11:14  Sensor Tower, Marine x2  
  121  11:24  Marine  
  122  11:26  Marauder  
  122  11:28  Missile Turret  
  124  11:36  Supply Depot  
  124  11:37  Supply Depot  
  124  11:38  Supply Depot  
  124  11:41  Refinery  
  124  11:45  Factory Tech Lab  
  124  11:48  Missile Turret  
  124  11:58  Marauder, Marine x2, Thor, Medivac x2  
  124  11:59  Marauder  
  124  12:00  Marauder x2, Marine x3  
  124  12:01  Supply Depot x2  
  147  12:03  Supply Depot  
  147  12:08  Missile Turret  
  147  12:15  Marine  
  147  12:22  Marine x2  
  153  12:23  Marauder x4  
  153  12:25  Supply Depot  
  153  12:27  Supply Depot  
  141  12:30  Supply Depot  
  141  12:31  Missile Turret  
  104  12:51  Missile Turret, Supply Depot  
Tags
 
Add a new tag
Caveats
  • Supply blocks, unpowered buildings, or Contaminate may cause inaccurate times.
  • Supply counts are checked every 10 seconds.